 Dungeon Crawl Stone Soup version 0.29.1-15-g9cfb28693d (webtiles) character file.

Game seed: 12438831752208277013

66138 bnorton916 the Devastator (level 14, -1/71 HPs)
             Began as a Deep Elf Fire Elementalist on Feb 21, 2023.
             Was an Initiate of Gozag.
             Slain by a ghost moth (13 damage)
             ... on level 1 of the Spider Nest.
             The game lasted 01:27:50 (46681 turns).

bnorton916 the Devastator (DEFE)                   Turns: 46681, Time: 01:27:51

Health: -1/71      AC:  7    Str:  4 (5)  XL:     14   Next: 78%
Magic:  0/33       EV: 18    Int: 29 (30) God:    Gozag
Gold:   1206       SH:  8    Dex: 20 (21) Spells: 2/39 levels left

rFire   . . .      SeeInvis +   M - staff of conjuration
rCold   + . .      Faith    .   A - +2 buckler
rNeg    + . .      Spirit   .   R - +1 robe of Hackeq {Fly rN+ SInv}
rPois   .          Reflect  .   (helmet restricted)
rElec   +          Harm     .   t - +1 cloak
rCorr   .          Rampage  .   H - +0 pair of gloves
Will    +....      Clarity  +   (no boots)
Stlth   ++........              n - amulet of magic regeneration
HPRegen 0.21/turn               h - +4 ring of evasion
MPRegen 0.63/turn               E - ring "Sahan" {rElec rC+ Int+4 Dex+6}

@: gold aura, flying, studying 2 skills
A: antennae 1, clarity, sense surroundings 1, screaming 1
a: Renounce Religion, Potion Petition, Call Merchant, Bribe Branch


You were on level 1 of the Spider Nest.
You worshipped Gozag.
Gozag was most pleased with you.
You visited 5 branches of the dungeon, and saw 20 of its levels.

You collected 7850 gold pieces.
You spent 5166 gold pieces at shops.
You paid 1478 gold pieces to Gozag.

Inventory:

Missiles
 o - a silver boomerang
 v - 20 boomerangs
 w - 12 curare-tipped darts
 B - 40 poisoned darts
 N - 2 throwing nets
Armour
 p - a +0 kite shield of reflection
 t - a +1 cloak (worn)
 u - a +2 helmet
 A - a +2 buckler (worn)
 G - a +0 helmet of see invisible
 H - a +0 pair of gloves (worn)
 R - the +1 robe of Hackeq (worn) {Fly rN+ SInv}
   (You bought it in a shop on level 7 of the Dungeon)

   rN:        It protects you from negative energy.
   SInv:      It lets you see invisible.
   Fly:       It grants you flight.
Magical Staves
 M - a staff of conjuration (weapon)
Jewellery
 h - a +4 ring of evasion (left hand)
 i - a ring of wizardry
 n - an amulet of magic regeneration (around neck)
 x - a ring of protection from fire
 E - the ring "Sahan" (right hand) {rElec rC+ Int+4 Dex+6}
   (You bought it in a shop on level 2 of the Orcish Mines)

   [ring of dexterity]

   Int:       It affects your intelligence (+4).
   Dex:       It affects your dexterity (+6).
   rC:        It protects you from cold.
   rElec:     It insulates you from electricity.
 I - a ring of see invisible
 O - a ring of fire
Wands
 C - a wand of flame (21)
 D - a wand of acid (13)
 P - a wand of iceblast (9)
 V - a wand of polymorph (3)
Scrolls
 a - 2 scrolls of enchant weapon
 f - 2 scrolls of silence
 g - a scroll of amnesia
 j - 2 scrolls of identify
 m - a scroll of vulnerability
 q - 6 scrolls of magic mapping
 r - 4 scrolls of poison
 s - 2 scrolls of blinking
 y - 6 scrolls of teleportation
 F - 6 scrolls of fog
 L - 3 scrolls of fear
 U - a scroll of noise
 X - a scroll of enchant armour
Potions
 b - 2 potions of magic
 c - 2 potions of resistance
 d - 5 potions of brilliance
 e - 4 potions of lignification
 k - 5 potions of haste
 l - 6 potions of might
 z - 2 potions of cancellation
 J - 12 potions of curing
 S - 6 potions of heal wounds
 W - 3 potions of berserk rage


   Skills:
 + Level 1.6 Fighting
 - Level 6.9 Armour
 - Level 5.0 Dodging
 - Level 2.4 Stealth
 - Level 4.0 Shields
 - Level 13.4 Spellcasting
 - Level 17.5 Conjurations
 - Level 7.9 Fire Magic
 - Level 9.0 Ice Magic
 + Level 10.1 Air Magic
 - Level 5.6 Earth Magic
 - Level 2.0 Poison Magic
 + Level 10.7 Evocations


You had 2 spell levels left.
You knew the following spells:

 Your Spells              Type           Power      Damage    Failure   Level
a - Foxfire               Conj/Fire      100%       2x1d9     1%          1
b - Scorch                Fire           100%       2d10      1%          2
c - Stone Arrow           Conj/Erth      100%       3d13      1%          3
d - Conjure Flame         Conj/Fire      96%        6-21      1%          3
e - Flame Wave            Conj/Fire      96%        2d20      1%          4
f - Sandblast             Erth           100%       2d20      1%          1
g - Mephitic Cloud        Conj/Pois/Air  86%        N/A       1%          3
h - Ignite Poison         Fire/Tmut/Pois 38%        N/A       2%          3
i - Freezing Cloud        Conj/Ice/Air   47%        6-21      1%          5
j - Fireball              Conj/Fire      48%        3d19      1%          5
k - Orb of Destruction    Conj           55%        9d14      2%          7

Your spell library contained the following spells:

 Spells                   Type           Power      Damage    Failure   Level
 Passwall                 Tmut/Erth      29%        N/A       1%          2
 Poisonous Vapours        Pois/Air       100%       N/A       1%          2
 Sting                    Tmut/Pois      100%       1d8       2%          1
 Apportation              Tloc           38%        N/A       3%          1
 Necrotise                Necr           76%        1d7       3%          1
 Summon Small Mammal      Summ           76%        N/A       3%          1
 Inner Flame              Hex/Fire       42%        N/A       1%          3
 Iskenderun's Battlesphe  Conj           100%       2d15      1%          5
 Conjure Ball Lightning   Conj/Air       49%        3x3d17    1%          6
 Gell's Gravitas          Tloc           19%        N/A       10%         3
 Teleport Other           Tloc           19%        N/A       10%         3
 Olgreb's Toxic Radiance  Pois           31%        N/A       14%         4
 Borgnjor's Vile Clutch   Necr/Erth      17%        N/A       28%         5
 Alistair's Intoxication  Tmut/Pois      16%        N/A       52%         5
 Eringya's Noxious Bog    Tmut/Pois      12%        N/A       98%         6
 Dispersal                Tloc           9%         N/A       99%         6
 Borgnjor's Revivificati  Necr           9%         N/A       100%        8
 Necromutation            Tmut/Necr      9%         N/A       100%        8
 Death's Door             Necr           9%         N/A       100%        9


Dungeon Overview and Level Annotations

Branches:
Dungeon (11/15)            Temple (1/1) D:6            Lair (5/5) D:11
 Shoals (0/4) Lair:3       Spider (1/4) Lair:3        Slime (0/5) Lair:5
    Orc (2/2) D:11            Elf (0/3) Orc:2

Altars:
Cheibriados
Gozag
Makhleb
Ru
Sif Muna
Trog
Xom
Yredelemnul
The Shining One
Jiyva

Shops:
D:3 (   D:5 *   D:7 *   Orc:2 *[!=*   Lair:1 :!

Portals:
Pandemonium: Orc:2


Innate Abilities, Weirdness & Mutations

You have a pair of small antennae on your head.
You possess an exceptional clarity of mind.
You passively map a small area around you.
You occasionally shout uncontrollably at your foes.


Message History

The entropy weaver is engulfed in freezing vapours.
The ghost moth is engulfed in freezing vapours.
The ghost moth stares at you.
You feel your power leaking away.
The entropy weaver is engulfed in freezing vapours.
Found 24 gold pieces.
A redback comes into view.
The entropy weaver is engulfed in freezing vapours.
The ghost moth stares at you.
The culicivora attacks as you move away!
The culicivora closely misses you.
The culicivora attacks as you move away!
The culicivora barely misses you.
The culicivora bites you but does no damage.
The ghost moth attacks as you move away!
The ghost moth hits you!
You feel dopey. The ghost moth closely misses you.
The ghost moth completely misses you.
The entropy weaver is distracted by your dazzling golden aura.
The ghost moth stares at you.
You feel your power leaking away. The ghost moth misses you.
The ghost moth hits you!
You feel clumsy. The ghost moth stings you!
You feel weakened. The culicivora closely misses you.
The ghost moth stares at you.
You feel your power leaking away. You block the culicivora's attack.
The ghost moth stares at you.
There is a crawl-hole back to the Lair, spattered with blood here.
The culicivora bites you!!
The culicivora draws strength from your injuries!
The ghost moth stares at you.
You feel your power leaking away. The ghost moth hits you!
* * * LOW HITPOINT WARNING * * *
The ghost moth hits you!
You die...
Your body crumbles into a pile of gold.

.......## *
########..#....#
##...##.#.......#
#......[#.....#.[*
#..#...........)
#...#........# , ,
###......#....# ,
#....###y@..#. , ,
###.......s#.........
,,
#........^.#s.....#..
##..#....#.........^.,
, #..#......#.......#.
, ###..#B........>.#..
$ ##..##.....#...... *
**#.ยง#.##...##.... *
#.#s. .....


You could see a ghost moth (invisible), an entropy weaver (unaware), a
culicivora and a redback.

Vanquished Creatures
  Gastronok (D:8)
  Donald (Orc:2)
  An emperor scorpion (Lair:3)
  The ghost of Golfball the Grappler, a journeyman TrFi of Okawaru (Lair:2)
  An ice dragon (Lair:5)
  2 demonspawn (Orc:2)
  A boulder beetle (Lair:3)
  6 hydras
  Erolcha (D:11)
  Erica (D:8)
  3 two-headed ogres (D:10)
  5 orc high priests (Orc:2)
  A sun demon (Orc:2)
  Amaemon (Lair:1)
  A sixfirhy (Orc:2)
  4 skeletal warriors (D:11)
  3 lindwurms (Lair:5)
  Pikel (D:8)
  A cyclops (D:11)
  6 orc knights (Orc:2)
  9 orc sorcerers (Orc:2)
  15 elephants
  Joseph (Lair:1)
  A rust devil (Orc:2)
  A black mamba (Lair:5)
  5 torpor snails (Lair:5)
  8 cane toads
  An orange demon (Lair:1)
  A kobold demonologist (D:9)
  7 komodo dragons
  4 trolls
  6 hornets (Lair:5)
  2 polar bears
  Prince Ribbit (D:5)
  A snapping turtle (Lair:3)
  3 tyrant leeches (Lair:5)
  9 dream sheep
  13 blink frogs
  Sigmund (D:3)
  A ynoxinul (Orc:2)
  A jumping spider (Spider:1)
  2 shadows
  31 yaks
  3 wyverns
  3 basilisks
  A steam dragon (D:9)
  6 wargs
  2 acid dragons (D:10)
  17 water moccasins
  A swamp drake (D:11)
  41 orc warriors
  4 ice beasts
  2 black bears
  A sky beast (D:8)
  4 ogres
  5 wolves (Lair:1)
  4 centaurs
  3 lemures (D:8)
  2 kobold brigands
  A phantom (D:4)
  3 gnoll sergeants
  12 bullfrogs
  A necrophage (D:8)
  3 scorpions
  10 wights
  2 jellies
  6 killer bees (D:10)
  2 howler monkeys
  9 hounds
  31 orc priests
  2 gnoll boudas
  4 iguanas
  Jessica (D:3)
  5 hell rats (Lair:3)
  24 orc wizards
  12 adders
  24 gnolls
  2 shadow imps
  A white imp (D:5)
  An ufetubus (D:7)
  3 worms
  A dart slug (D:3)
  92 orcs
  8 ball pythons
  6 bats
  6 endoplasms
  5 giant cockroaches
  9 goblins
  7 hobgoblins
  3 jackals (D:1)
  2 quokkas
  7 frilled lizards
  18 kobolds
  2 rats (D:2)
  2 bushes
  3 butterflies (Lair:4)
595 creatures vanquished.

Vanquished Creatures (collateral kills)
  3 foxfires
3 creatures vanquished.

Vanquished Creatures (others)
  1049 foxfires
  27 fungi
  77 plants
1153 creatures vanquished.

Grand Total: 1751 creatures vanquished

Notes
Turn   | Place    | Note
-------+----------+-------------------------------------------
     0 | D:1      | bnorton916 the Deep Elf Fire Elementalist began the quest
                  | for the Orb.
     0 | D:1      | Reached XP level 1. HP: 10/10 MP: 6/6
   487 | D:1      | Reached XP level 2. HP: 15/15 MP: 2/8
   943 | D:1      | Reached skill level 2 in Conjurations
  1479 | D:2      | Reached XP level 3. HP: 19/19 MP: 7/10
  1490 | D:2      | Learned a level 2 spell: Scorch
  1494 | D:2      | Learned a level 3 spell: Conjure Flame
  1826 | D:2      | Identified the +1 ring mail of the Keeping Gods {rElec
                  | Str+4 Int-5}
  1950 | D:2      | Reached XP level 4. HP: 24/24 MP: 6/12
  2469 | D:2      | Reached skill level 3 in Conjurations
  2981 | D:3      | Noticed Jessica
  2987 | D:3      | Killed Jessica
  2988 | D:3      | Reached XP level 5. HP: 28/28 MP: 14/14
  3087 | D:3      | Reached skill level 5 in Spellcasting
  3349 | D:3      | Noticed Sigmund
  3363 | D:3      | Killed Sigmund
  3364 | D:3      | Reached skill level 4 in Conjurations
  3364 | D:3      | Reached skill level 5 in Fire Magic
  3364 | D:3      | Reached XP level 6. HP: 15/32 MP: 14/16
  3723 | D:3      | Learned a level 3 spell: Stone Arrow
  3865 | D:3      | Found Hocap's Weapon Boutique.
  4260 | D:4      | Reached skill level 1 in Earth Magic
  4490 | D:4      | Reached XP level 7. HP: 36/36 MP: 18/18
  4599 | D:4      | Found a snail-covered altar of Cheibriados.
  4599 | D:4      | Found a faded altar of an unknown god.
  4607 | D:4      | Found a burning altar of Makhleb.
  4609 | D:4      | Found a basalt altar of Yredelemnul.
  4611 | D:4      | Found a bloodstained altar of Trog.
  4745 | D:5      | Entered Level 5 of the Dungeon
  4818 | D:5      | Noticed Prince Ribbit
  4840 | D:5      | Learned a level 4 spell: Flame Wave
  4842 | D:5      | Learned a level 1 spell: Sandblast
  5092 | D:5      | Killed Prince Ribbit
  5093 | D:5      | Reached skill level 5 in Conjurations
  5238 | D:5      | Found Xejorolu's Assorted Antiques.
  5679 | D:5      | Reached XP level 8. HP: 41/41 MP: 13/20
  7486 | D:6      | Reached skill level 6 in Conjurations
  7526 | D:6      | Learned a level 3 spell: Mephitic Cloud
  7619 | D:6      | Reached skill level 1 in Air Magic
  7619 | D:6      | Reached skill level 1 in Poison Magic
  8053 | D:6      | HP: 2/41 [orc priest/divine providence (9)]
  8682 | D:6      | Noticed a komodo dragon
  8697 | D:6      | Killed a komodo dragon
  8698 | D:6      | Reached XP level 9. HP: 45/45 MP: 18/23
  8730 | D:6      | Reached skill level 5 in Earth Magic
  9031 | D:6      | Found a staircase to the Ecumenical Temple.
  9116 | Temple   | Entered the Ecumenical Temple
  9121 | Temple   | Became a worshipper of Gozag Ym Sagoz the Greedy
  9181 | D:5      | Bought 3 scrolls labelled NAMNAL EXISYBI for 69 gold pieces
  9181 | D:5      | Bought a scroll of identify for 46 gold pieces
  9181 | D:5      | Bought a scroll of identify for 46 gold pieces
  9181 | D:5      | Bought a scroll of identify for 46 gold pieces
  9181 | D:5      | Bought a viscous silvery potion for 20 gold pieces
  9207 | D:7      | Found Hewineh's General Store.
  9585 | D:6      | Reached skill level 7 in Conjurations
 11354 | D:7      | Reached skill level 1 in Armour
 12154 | D:7      | Reached skill level 5 in Dodging
 12367 | D:8      | Reached skill level 8 in Conjurations
 12600 | D:8      | Noticed Gastronok
 12617 | D:8      | Learned a level 3 spell: Ignite Poison
 12623 | D:8      | Learned a level 5 spell: Freezing Cloud
 12932 | D:8      | Killed Gastronok
 12933 | D:8      | Reached skill level 9 in Conjurations
 12933 | D:8      | Reached XP level 10. HP: 43/50 MP: 6/25
 13097 | D:8      | Noticed Pikel
 13232 | D:8      | Killed Pikel
 13622 | D:8      | Noticed Erica
 13633 | D:8      | Killed Erica
 13634 | D:8      | Reached skill level 5 in Ice Magic
 13643 | D:8      | Reached skill level 10 in Conjurations
 15302 | D:7      | Bought the +1 robe of Hackeq {Fly rN+ SInv} for 301 gold
                  | pieces
 15302 | D:7      | Bought a potion of heal wounds for 65 gold pieces
 15302 | D:7      | Bought a potion of curing for 39 gold pieces
 15730 | D:9      | Reached XP level 11. HP: 54/54 MP: 14/26
 15797 | D:9      | Found a shimmering altar of Xom.
 15798 | D:9      | Found a glowing golden altar of the Shining One.
 15987 | D:9      | Identified the +10 hand axe of Spores {flame, Dex+4}
 16065 | D:10     | Entered Level 10 of the Dungeon
 16103 | D:10     | Noticed a two-headed ogre
 16142 | D:10     | Killed a two-headed ogre
 16143 | D:10     | Reached skill level 11 in Conjurations
 16709 | D:10     | Noticed a two-headed ogre
 16715 | D:10     | Killed a two-headed ogre
 17538 | D:10     | Noticed a two-headed ogre
 17551 | D:10     | Killed a two-headed ogre
 17552 | D:10     | Reached skill level 12 in Conjurations
 18072 | D:7      | Bought a book of the Spheres for 702 gold pieces
 18744 | D:11     | Found a staircase to the Orcish Mines.
 19215 | D:11     | Noticed Erolcha
 19223 | D:11     | Killed Erolcha
 19508 | D:11     | Reached skill level 10 in Spellcasting
 19667 | D:11     | Noticed a skeletal warrior
 19667 | D:11     | Noticed a skeletal warrior
 19681 | D:11     | Killed a skeletal warrior
 19981 | D:11     | Noticed a skeletal warrior
 19987 | D:11     | Noticed a skeletal warrior
 19998 | D:11     | Killed a skeletal warrior
 20008 | D:11     | Killed a skeletal warrior
 20009 | D:11     | Reached skill level 13 in Conjurations
 20390 | D:11     | Learned a level 5 spell: Fireball
 20433 | D:11     | Killed a skeletal warrior
 20967 | D:11     | Reached XP level 12. HP: 59/59 MP: 24/29
 21617 | D:11     | Found a staircase to the Lair.
 22059 | Lair:1   | Entered Level 1 of the Lair of Beasts
 22759 | Lair:1   | Noticed Joseph
 22764 | Lair:1   | Killed Joseph
 24262 | Lair:1   | Reached skill level 14 in Conjurations
 24294 | Lair:1   | Noticed Amaemon
 24300 | Lair:1   | Killed Amaemon
 26216 | Lair:1   | Learned a level 7 spell: Orb of Destruction
 26667 | Lair:2   | Reached skill level 15 in Conjurations
 27736 | Lair:2   | Found a runed translucent door.
 27737 | Lair:2   | Noticed Golfball's ghost (journeyman TrFi)
 27809 | Lair:2   | Identified a scroll of acquirement
 27812 | Lair:2   | Acquired 745 gold pieces
 27897 | Lair:2   | Reached skill level 16 in Conjurations
 27910 | Lair:2   | Reached XP level 13. HP: 31/63 MP: 15/32
 28519 | Lair:2   | Killed Golfball's ghost
 29867 | Lair:3   | Found a staircase to the Shoals.
 30765 | Lair:3   | Found a hole to the Spider Nest.
 30786 | Lair:3   | Acquired 949 gold pieces
 31029 | Lair:1   | Bought a potion of heal wounds for 80 gold pieces
 31029 | Lair:1   | Bought a potion of mutation for 128 gold pieces
 31029 | Lair:1   | Bought 2 potions of resistance for 320 gold pieces
 31029 | Lair:1   | Bought 2 potions of curing for 96 gold pieces
 31114 | Lair:4   | Reached skill level 1 in Shields
 32398 | Lair:4   | Reached skill level 17 in Conjurations
 32860 | Lair:5   | Entered Level 5 of the Lair of Beasts
 34028 | Lair:4   | Identified the +4 scale mail of the Gate {Rampage rF- Dex+4
                  | Slay+2}
 35396 | Lair:5   | Reached skill level 5 in Armour
 35752 | Lair:5   | Found a viscous altar of Jiyva.
 35753 | Lair:5   | Found a staircase to the Slime Pits.
 35859 | Lair:5   | Found a runed translucent door.
 36272 | Lair:5   | Reached XP level 14. HP: 68/68 MP: 21/33
 36847 | Lair:5   | Identified the +1 chain mail of Quugyurph {Harm *Corrode
                  | rElec rPois}
 37445 | Lair:1   | Bought a manual of Evocations for 1200 gold pieces
 37503 | Orc:1    | Entered Level 1 of the Orcish Mines
 37898 | Orc:1    | Reached skill level 1 in Evocations
 38978 | Orc:2    | Entered Level 2 of the Orcish Mines
 38978 | Orc:2    | Found a staircase to the Elven Halls.
 40525 | Orc:2    | Found Nithrafisch's General Store.
 40700 | Orc:2    | Noticed Donald
 40709 | Orc:2    | Killed Donald
 40717 | Orc:2    | Reached skill level 5 in Air Magic
 40735 | Orc:2    | Reached skill level 5 in Evocations
 41279 | Orc:2    | Found Feer Zagg's Distillery.
 41597 | Orc:2    | Bought a potion of heal wounds for 85 gold pieces
 41597 | Orc:2    | Bought a potion of heal wounds for 85 gold pieces
 41597 | Orc:2    | Bought a potion of heal wounds for 85 gold pieces
 41597 | Orc:2    | Bought a potion of curing for 51 gold pieces
 41597 | Orc:2    | Bought a potion of magic for 136 gold pieces
 41599 | Orc:2    | Bought a scroll of identify for 28 gold pieces
 41688 | Orc:2    | Gained mutation: You are weak. (Str -2) [a neqoxec]
 43115 | Orc:2    | Found Otasch's Jewellery Boutique.
 43115 | Orc:2    | Found Araryl's Antique Armour Shop.
 43115 | Orc:2    | Found a one-way gate leading to the halls of Pandemonium.
 43243 | Orc:2    | Bought the ring "Sahan" {rElec rC+ Int+4 Dex+6} for 784
                  | gold pieces
 43247 | Orc:2    | Bought a distressingly furry leather armour for 252 gold
                  | pieces
 43247 | Orc:2    | Identified the +1 leather armour "Koxtuez" {rC- Int+8
                  | Dex-5} (You bought it in a shop on level 2 of the Orcish
                  | Mines)
 43458 | Orc:2    | Reached skill level 10 in Evocations
 44846 | Orc:2    | Found Fishrai's Assorted Antiques.
 44859 | Orc:2    | Bought a scroll of blinking for 232 gold pieces
 44944 | Orc:2    | Reached skill level 1 in Fighting
 45145 | Orc:2    | Bought a glowing helmet for 270 gold pieces
 45295 | Lair:1   | Lost mutation: You are weak. (Str -2) [potion of mutation]
 45295 | Lair:1   | Gained mutation: Your system is resistant to poisons.
                  | (rPois) [potion of mutation]
 45295 | Lair:1   | Gained mutation: You have sharp toenails. [potion of
                  | mutation]
 45295 | Lair:1   | Gained mutation: You have a pair of small antennae on your
                  | head. [potion of mutation]
 45296 | Lair:1   | Lost mutation: Your system is resistant to poisons. (rPois)
                  | [potion of mutation]
 45296 | Lair:1   | Lost mutation: You have sharp toenails. [potion of
                  | mutation]
 45296 | Lair:1   | Gained mutation: You possess an exceptional clarity of
                  | mind. [potion of mutation]
 45296 | Lair:1   | Gained mutation: You occasionally shout uncontrollably at
                  | your foes. [potion of mutation]
 45296 | Lair:1   | Gained mutation: You passively map a small area around you.
                  | [potion of mutation]
 45502 | Spider:1 | Entered Level 1 of the Spider Nest
 45502 | Spider:1 | Noticed an emperor scorpion
 45745 | Lair:3   | Killed an emperor scorpion
 46203 | Lair:3   | Reached skill level 10 in Air Magic
 46670 | Spider:1 | Noticed a ghost moth
 46681 | Spider:1 | Slain by a ghost moth

Illustrated notes

Levels and vault maps discovered:
D:1:      psy_arrival_dodecagon, layout_loops_corners, minmay_3d_cube
D:2:      minmay_diamond_boxcup, layout_loops_cross, minmay_lizard_pond
D:3:      layout_rooms, serial_shops, shop_coins, minmay_puff, uniq_sigmund,
          uniq_jessica
D:4:      layout_basic, chequers_temple_overflow_minitemple
D:5:      layout_gridville, serial_shops, nicolae_shop_overgrown_old_shop,
          uniq_prince_ribbit1
D:6:      minmay_opposing_rooms, layout_basic, temple_statues
D:7:      layout_basic, serial_shops, shop, reono_crystal_passage
D:8:      layout_rooms, roderic_lattice_a, uniq_pikel, uniq_erica,
          uniq_gastronok
D:9:      nicolae_cairo_tiling, layout_irregular_city,
          nicolae_overflow_two_pavilions
D:10:     minmay_recursive_quarters, layout_basic
D:11:     layout_basic, erik_lair_orcish_takeover, erik_orc_1, uniq_erolcha
Temple:   nicolae_temple_elliptical
Lair:1:   layout_chaotic_city, dreamdust_gnoll_shepherd, uniq_joseph,
          uniq_amaemon
Lair:2:   layout_gridlike, ebering_ghost_reflecting_pool
Lair:3:   layout_long_grid, minmay_shoals_entry_hut, spider_nest_entry_web_field
Lair:4:   layout_loops_ring, lemuel_fruit_fields
Lair:5:   wormcave, layout_regular_city, slime_entry_1, grunt_megastairs_1
Spider:1: layout_spider_delve, special_room
Orc:1:    layout_diamond_mine, nicolae_orc_lava_tube
Orc:2:    pf_orc_diabolical, layout_caves, serial_shops, shop, uniq_donald

Skill      XL: |  1  2  3  4  5  6  7  8  9 10 11 12 13 14 |
---------------+-------------------------------------------+-----
Conjurations   | 2 3 4 5 6 9 10 13 16 17 | 17.5
Spellcasting   | 4 5 6 7 8 9 11 13 | 13.4
Fire Magic     | 4 5 6 7 |  7.9
Earth Magic    | 1 3 4 5 |  5.6
Air Magic      | 2 10 | 10.1
Poison Magic   | 2 |  2.0
Dodging        | 5 |  5.0
Armour         | 2 6 |  6.9
Ice Magic      | 3 7 9 |  9.0
Shields        | 4 |  4.0
Evocations     | 10 | 10.7
Fighting       | 1 |  1.6
Stealth        | |  2.4

Action                   |  1- 3 |  4- 6 |  7- 9 | 10-12 | 13-15 || total
-------------------------+-------+-------+-------+-------+-------++-------
Melee: Unarmed           |       |       |     1 |       |       ||     1
       Staff             |       |       |       |    12 |     4 ||    16
 Cast: Foxfire           |    99 |   125 |   171 |   123 |   107 ||   625
       Conjure Flame     |     1 |       |     7 |    17 |       ||    25
       Scorch            |       |    21 |    60 |    64 |    31 ||   176
       Stone Arrow       |       |       |    38 |    95 |   122 ||   255
       Mephitic Cloud    |       |       |     7 |    16 |     7 ||    30
       Ignite Poison     |       |       |     1 |     5 |     1 ||     7
       Flame Wave        |       |       |     1 |     1 |     1 ||     3
       Freezing Cloud    |       |       |       |    34 |    87 ||   121
       Fireball          |       |       |       |     7 |    33 ||    40
       Orb of Destructio |       |       |       |    14 |    67 ||    81
Invok: Call Merchant     |       |       |       |       |     2 ||     2
  Use: Scroll            |       |       |    16 |    12 |     9 ||    37
       Potion            |       |       |     2 |     4 |     3 ||     9
 Stab: Distracted        |       |       |       |     1 |       ||     1
Armor: Robe              |     2 |     3 |    16 |    19 |    30 ||    70
Dodge: Dodged            |     3 |    13 |    94 |   105 |    84 ||   299
Block: Buckler           |       |       |       |       |    23 ||    23
